 Dungeon Crawl Stone Soup version 0.31-a0-971-g75a2e9a4b4 (webtiles) character file.

Game seed: 18379289608555984525

10346 promet the Thaumaturge (level 11, -2/66 HPs)
             Began as a Deep Elf Fire Elementalist on Oct 27, 2023.
             Was a Follower of Ru.
             Killed from afar by an oklob plant (10 damage)
             ... with a splash of acid
             ... on level 11 of the Dungeon on Oct 28, 2023.
             The game lasted 01:36:45 (19720 turns).

promet the Thaumaturge (DEFE)                      Turns: 19720, Time: 01:36:49

Health: -2/66      AC:  6    Str:  9    XL:     11   Next: 35%
Magic:  29/29      EV: 18    Int: 24    God:    Ru [*.....]
Gold:   2181       SH:  0    Dex: 15    Spells: 18/34 levels left

rFire   x . .        b - +0 arbalest
rCold   + . .        (shield currently unavailable)
rNeg    . . .        S - +0 steam dragon scales
rPois   .            A - +1 helmet {Int+3}
rElec   .            j - +2 cloak
rCorr   .            q - +2 pair of gloves
SInv    .            O - +0 pair of boots
Will    .....        (no amulet)
Stlth   +++          k - +5 ring of evasion
HPRegen 0.31/turn    L - ring of ice
MPRegen 0.21/turn

%: no passive effects
@: corroded
A: weak-willed 1
a: Renounce Religion, Sacrifice an Eye, Sacrifice Arcana, Sacrifice Stealth,
Reject Sacrifices


You were on level 11 of the Dungeon.
You worshipped Ru.
Ru was aware of your devotion.
You visited 2 branches of the dungeon, and saw 12 of its levels.

You collected 2357 gold pieces.
You spent 176 gold pieces at shops.

Inventory:

Hand Weapons
 a - the +3 spear of Makhleb's Castigation {venom, rF+ Str+7}
   (You found it on level 11 of the Dungeon)

   Str+7:     It affects your strength (+7).
   rF+:       It protects you from fire.
 b - a +0 arbalest (weapon)
 c - a +2 quarterstaff of chaos
 f - a +3 long sword of freezing
 g - a +4 hand axe
 h - a +3 scythe of holy wrath
 i - a +2 dagger of speed
 m - a +1 long sword of protection
 n - a +0 short sword of venom
 s - a +3 flail of freezing
 D - a +4 halberd
Missiles
 e - 70 stones
 l - 25 poisoned darts
 o - a curare-tipped dart
 C - 5 boomerangs
Armour
 j - a +2 cloak (worn)
 q - a +2 pair of gloves (worn)
 A - a +1 helmet of intelligence (worn)
 O - a +0 pair of boots (worn)
 S - +0 steam dragon scales (worn)
Magical Staves
 x - a staff of fire
Jewellery
 k - a +5 ring of evasion (left hand)
 t - a ring of resist corrosion
 y - a +6 ring of dexterity
 B - a +6 ring of dexterity
 L - a ring of ice (right hand)
 P - a ring of flight
 Q - a ring of protection from fire
Wands
 d - a wand of mindburst (9)
 v - a wand of polymorph (7)
 J - a wand of digging (4)
 U - a wand of roots (2)
Scrolls
 p - a scroll of blinking
 z - 2 scrolls of fog
 K - 4 scrolls of poison
 M - 2 scrolls of vulnerability
Potions
 r - 2 potions of brilliance
 u - a potion of curing
 w - a potion of magic
 G - 3 potions of mutation
 H - 2 potions of ambrosia
 N - a potion of attraction
 R - a potion of invisibility


   Skills:
 * Level 6.7 Fighting
 + Level 0.8 Long Blades
 + Level 3.0(3.1) Polearms
 + Level 1.3(2.9) Staves
 + Level 4.1 Ranged Weapons
 + Level 1.1 Throwing
 + Level 2.4 Armour
 + Level 3.9 Dodging
 + Level 3.7 Stealth
 + Level 12.1 Spellcasting
 + Level 3.4 Conjurations
 + Level 4.9 Translocations
 + Level 10.4 Fire Magic
 + Level 2.2 Earth Magic


You had 18 spell levels left.
You knew the following spells:

 Your Spells              Type           Power      Damage    Failure   Level
a - Foxfire               Conj/Fire      100%       2x1d9     1%          1
b - Scorch                Fire           100%       2d9       1%          2
c - Sandblast             Erth           50%        2d12      1%          1
d - Volatile Blastmotes   Fire/Tloc      100%       2d18      1%          3
e - Passwall              Tmut/Erth      16%        N/A       4%          2
f - Flame Wave            Conj/Fire      47%        2d12      2%          4
g - Stone Arrow           Conj/Erth      56%        3d10      4%          3

Your spell library contained the following spells:

 Spells                   Type           Power      Damage    Failure   Level
 Inner Flame              Hex/Fire       39%        N/A       1%          3
 Necrotise                Necr           56%        1d6       4%          1
 Summon Small Mammal      Summ           56%        N/A       4%          1
 Ensorcelled Hibernation  Hex/Ice        42%        N/A       6%          2
 Jinxbite                 Hex            28%        N/A       6%          2
 Call Canine Familiar     Summ           14%        N/A       13%         3
 Summon Guardian Golem    Hex/Summ       14%        N/A       13%         3
 Vampiric Draining        Necr           14%        2d7       13%         3
 Brom's Barrelling Bould  Conj/Erth      28%        2d5       13%         4
 Anguish                  Hex/Necr       7%         N/A       38%         4
 Agony                    Necr           14%        N/A       75%         5


Dungeon Overview and Level Annotations

Branches:
Dungeon (11/15)            Temple (1/1) D:6            Lair (0/5) D:11
    Orc: D:9-12

Altars:
Ashenzari
Cheibriados
Dithmenos
Elyvilon
Fedhas
Gozag
Hepliaklqana
Kikubaaqudgha
Makhleb
Nemelex Xobeh
Okawaru
Qazlal
Ru
Sif Muna
Trog
Uskayaw
Vehumet
Wu Jian
Xom
Yredelemnul
Zin
The Shining One

Shops:
D:3 (

Annotations:
D:10 exclusion: ice statue
D:11 exclusion: oklob plant


Innate Abilities, Weirdness & Mutations

You are slightly weak-willed. (Will-)


Message History

The oklob plant is heavily damaged.
Fire: b) +0 arbalest
Press: ? - help, Q - select action, (/) - cycle Shift-Dir - straight line, f/p - oklob plant
Aim: an oklob plant (heavily damaged, 98% to hit)
You shoot a bolt.
The bolt hits the oklob plant but does no damage.
The oklob plant is heavily damaged.
You float gracefully downwards.
The oklob plant spits acid at you. The splash of acid hits you!
The acid corrodes you!
Fire: b) +0 arbalest
Press: ? - help, Q - select action, (/) - cycle Shift-Dir - straight line, f/p - oklob plant
Aim: an oklob plant (heavily damaged, 98% to hit)
You shoot a bolt.
The bolt hits the oklob plant but does no damage.
The oklob plant is heavily damaged.
The oklob plant spits acid at you. The splash of acid hits you.
The acid corrodes you!
Fire: b) +0 arbalest
Press: ? - help, Q - select action, (/) - cycle Shift-Dir - straight line, f/p - oklob plant
Aim: an oklob plant (heavily damaged, 98% to hit)
You shoot a bolt.
The bolt hits the oklob plant but does no damage.
The oklob plant is heavily damaged.
Your enlightenment fades.
The oklob plant spits acid at you. The splash of acid hits you!!
Fire: b) +0 arbalest
Press: ? - help, Q - select action, (/) - cycle Shift-Dir - straight line, f/p - oklob plant
Aim: an oklob plant (heavily damaged, 98% to hit)
You shoot a bolt.
The bolt hits the oklob plant but does no damage.
The oklob plant is heavily damaged.
The oklob plant spits acid at you. The splash of acid hits you!!
* * * LOW HITPOINT WARNING * * *
The acid corrodes you! The oklob plant spits acid at you.
The splash of acid hits you!
You die...

#.......#..#...#..####...###
#.......#.##PP.##.#..#...#.#
#.......#....PP...#..#...'.#
#.......#≈.PP>...≈#..#...#.#
######.......#...P.PP..#..#...#..
.............#.##P..##.#..#####.[
.............#..#...#..#.........
.......o......#...≈...#.####.....
##..........>...@###....# #.....
.##########.............# #....#
..........#....#.......## #....#
..........'....#.......# #....#
..........'....#.......# #....#
..........#....#..)....# #....#
....###''##....#.......# #.....
#####..........#.......# #.....
...........)...#.......# #.##'#


You could see an oklob plant.

Vanquished Creatures
  Erolcha (D:10)
  Erica (D:8)
  2 two-headed ogres
  Pikel (D:9)
  2 ugly things (D:11)
  Joseph (D:9)
  An unseen horror (D:11)
  2 trolls
  2 hornets
  Sigmund (D:6)
  A vampire (D:11)
  A wraith (D:11)
  6 yaks
  Eustachio (D:5)
  3 steam dragons
  Menkaure (D:6)
  An acid dragon (D:10)
  A water moccasin (D:9)
  A sky beast (D:8)
  2 ice beasts
  4 orc warriors
  A black bear (D:7)
  2 ogres (D:5)
  A phantom (D:7)
  2 centaurs
  2 lemures (D:9)
  Blork the orc (D:4)
  2 kobold brigands
  3 bullfrogs
  A gnoll sergeant (D:5)
  A scorpion (D:4)
  11 wights
  5 killer bees
  5 howler monkeys
  2 hounds
  2 jellies (D:6)
  Crazy Yiuf (D:2)
  6 orc priests
  2 sleepcaps
  A gnoll bouda (D:7)
  Terence (D:3)
  2 iguanas (D:5)
  Natasha (thrice) (D:4)
  8 orc wizards
  2 human simulacra (D:9)
  8 adders
  8 gnolls
  A worm (D:5)
  2 dart slugs
  34 orcs
  7 ball pythons
  2 bats
  4 endoplasms
  A giant cockroach (D:1)
  5 goblins
  6 hobgoblins
  3 quokkas
  5 frilled lizards
  10 kobolds
  5 rats
204 creatures vanquished.

Vanquished Creatures (others)
  2 lemures (D:9)
  2 orc wizards (D:9)
  An orc (D:9)
  242 foxfires
247 creatures vanquished.

Grand Total: 451 creatures vanquished

Notes
Turn   | Place    | Note
-------+----------+-------------------------------------------
     0 | D:1      | promet the Deep Elf Fire Elementalist began the quest for
                  | the Orb.
     0 | D:1      | Reached XP level 1. HP: 10/10 MP: 6/6
   326 | D:1      | Reached XP level 2. HP: 12/15 MP: 8/8
   366 | D:1      | Learned a level 2 spell: Scorch
   371 | D:1      | Found a faded altar of an unknown god.
   988 | D:2      | Reached XP level 3. HP: 20/20 MP: 2/9
  1880 | D:2      | Found a runed translucent door.
  1881 | D:2      | Noticed Crazy Yiuf
  2382 | D:2      | Killed Crazy Yiuf
  2383 | D:2      | Reached skill level 4 in Spellcasting
  2383 | D:2      | Reached XP level 4. HP: 24/24 MP: 7/12
  2476 | D:3      | Found Romaegu's Antique Weapon Shoppe.
  2582 | D:3      | Reached skill level 1 in Fighting
  2656 | D:3      | Noticed Terence
  2672 | D:3      | Identified a scroll of acquirement
  2672 | D:3      | Acquired 893 gold pieces
  2687 | D:3      | Killed Terence
  2880 | D:3      | Bought a brightly glowing spear for 176 gold pieces
  2880 | D:3      | Identified the +5 spear of Brawling {elec, Drain rC++
                  | Str+4} (You bought it in a shop on level 3 of the Dungeon)
  3084 | D:3      | Found a blossoming altar of Fedhas.
  3177 | D:3      | Learned a level 1 spell: Sandblast
  3335 | D:3      | Reached XP level 5. HP: 19/25 MP: 7/13
  3341 | D:3      | Reached skill level 5 in Fire Magic
  4540 | D:4      | Reached XP level 6. HP: 35/35 MP: 9/15
  4748 | D:4      | Noticed Natasha
  4756 | D:4      | Killed Natasha
  4762 | D:4      | Noticed Natasha
  4769 | D:4      | Killed Natasha
  4770 | D:4      | Reached skill level 1 in Armour
  4770 | D:4      | Reached skill level 5 in Spellcasting
  4772 | D:4      | Noticed Natasha
  4778 | D:4      | Killed Natasha
  5036 | D:4      | Acquired 924 gold pieces
  5375 | D:5      | Entered Level 5 of the Dungeon
  5375 | D:5      | Noticed Blork the orc
  5385 | D:4      | Killed Blork the orc
  5386 | D:4      | Reached skill level 1 in Staves
  5568 | D:5      | Reached XP level 7. HP: 34/40 MP: 4/17
  5762 | D:5      | Learned a level 3 spell: Volatile Blastmotes
  5765 | D:5      | Learned a level 2 spell: Passwall
  5980 | D:5      | Reached skill level 6 in Spellcasting
  6623 | D:5      | Reached skill level 1 in Earth Magic
  6934 | D:5      | Noticed Eustachio
  6955 | D:5      | Killed Eustachio
  7209 | D:5      | Reached skill level 7 in Spellcasting
  7220 | D:5      | You fall into a shaft and drop 3 floors!
  7231 | D:8      | Noticed a two-headed ogre
  7268 | D:8      | Reached XP level 8. HP: 25/45 MP: 15/20
  7278 | D:8      | Killed a two-headed ogre
  7279 | D:8      | Reached skill level 8 in Spellcasting
  7584 | D:8      | Found a stormy altar of Qazlal.
  7590 | D:8      | Learned a level 4 spell: Flame Wave
  7594 | D:8      | Learned a level 3 spell: Stone Arrow
  7732 | D:7      | Reached XP level 9. HP: 50/52 MP: 11/23
  8000 | D:7      | Reached skill level 9 in Spellcasting
  8407 | D:6      | Found a staircase to the Ecumenical Temple.
  8418 | Temple   | Entered the Ecumenical Temple
  8426 | Temple   | Became a worshipper of Ru the Awakened
  8450 | D:6      | Noticed Sigmund
  8457 | D:6      | Killed Sigmund
  8988 | D:6      | Upgraded the game from 0.31-a0-968-g24f9ace8b5 to
                  | 0.31-a0-971-g75a2e9a4b4
  8990 | D:6      | Noticed Menkaure
  9000 | D:6      | Killed Menkaure
  9979 | D:7      | Reached skill level 1 in Polearms
 10728 | D:7      | Reached skill level 5 in Fighting
 11025 | D:7      | Gained mutation: You are slightly weak-willed. (Will-) [Ru
                  | sacrifice]
 11025 | D:7      | Reached * piety under Ru
 11468 | D:7      | Reached skill level 1 in Ranged Weapons
 11583 | D:7      | Found a hide-covered altar of Uskayaw.
 12068 | D:8      | Reached skill level 10 in Spellcasting
 12068 | D:8      | Reached XP level 10. HP: 27/59 MP: 20/26
 12243 | D:8      | Noticed Erica
 12260 | D:8      | Killed Erica
 12261 | D:8      | Reached skill level 1 in Throwing
 13675 | D:9      | Noticed Joseph
 13676 | D:9      | Noticed Pikel
 14431 | D:9      | Found a shimmering altar of Xom.
 14704 | D:9      | Reached skill level 11 in Spellcasting
 15237 | D:9      | HP: 2/60 [Joseph/+0 quarterstaff (12)]
 15242 | D:9      | Killed Joseph
 15489 | D:9      | Killed Pikel
 16190 | D:10     | Entered Level 10 of the Dungeon
 16513 | D:10     | Noticed an ice statue
 16553 | D:10     | Noticed Erolcha
 16568 | D:10     | Killed Erolcha
 16569 | D:10     | Reached skill level 10 in Fire Magic
 16569 | D:10     | Reached XP level 11. HP: 53/65 MP: 6/28
 16948 | D:10     | Found a bloodstained altar of Trog.
 17924 | D:11     | Identified the +3 spear of Makhleb's Castigation {venom,
                  | rF+ Str+7}
 17931 | D:11     | Noticed a two-headed ogre
 17946 | D:11     | Killed a two-headed ogre
 18293 | D:11     | Found a staircase to the Lair.
 18295 | D:11     | Noticed an oklob plant
 18593 | D:11     | Noticed a green ugly thing
 18694 | D:11     | Killed a green ugly thing
 18708 | D:11     | Noticed a cyan ugly thing
 18745 | D:11     | Killed a cyan ugly thing
 18746 | D:11     | Reached skill level 12 in Spellcasting
 19720 | D:11     | Killed from afar by an oklob plant

Illustrated notes

Levels and vault maps discovered:
D:1:      ldierk_walled_garden_2, layout_rooms, basic_ecumenical_altar
D:2:      layout_basic, uniq_crazy_yiuf_cottage
D:3:      layout_loops_corners, general_overflow_altar, serial_shops,
          nicolae_shop_tiny_glass, serial_rivers,
          chequers_serial_rivers_small_3, chequers_serial_rivers_large_b,
          chequers_serial_rivers_small_b, chequers_serial_rivers_room_b,
          chequers_serial_rivers_small_3, nrook_campfire,
          kennysheep_generic_room_8, uniq_terence
D:4:      layout_cave_pools, nicolae_houndstooth_variations, uniq_natasha
D:5:      layout_loops_ring, minmay_misc_feat_alley, uniq_eustachio,
          uniq_blork_the_orc
D:6:      layout_loops_ring, minmay_temple_entry_trees, uniq_sigmund,
          uniq_menkaure
D:7:      layout_gridville, lemuel_coloured_pillars_altar
D:8:      layout_gridville, nicolae_qazlal_beasts_of_the_sky, enter_bailey_2,
          minmay_misc_feat_plants, nicolae_titane, uniq_erica
D:9:      layout_basic, mainiacjoe_overflow_six_doors_small, bh_circular_ruins,
          uniq_joseph, uniq_pikel
D:10:     layout_roguey, lemuel_doored_altar, minivault_16,
          kennysheep_flooded_box, uniq_erolcha
D:11:     layout_irregular_city, dpeg_oklobed_lair, st_stairs_4
Temple:   sentei_temple_godly_chess

Skill      XL: |  1  2  3  4  5  6  7  8  9 10 11 |
---------------+----------------------------------+-----
Spellcasting   | 4 5 7 8 10 11 12 | 12.1
Fire Magic     | 4 5 6 7 8 10 | 10.4
Fighting       | 1 2 3 5 6 |  6.7
Dodging        | 3 |  3.9
Conjurations   | 2 3 |  3.4
Armour         | 1 2 |  2.4
Staves         | 1 |  1.3
Stealth        | 3 |  3.7
Earth Magic    | 1 2 |  2.2
Translocations | 2 3 4 |  4.9
Polearms       | 1 2 3 |  3.0
Ranged Weapons | 1 3 4 |  4.1
Throwing       | 1 |  1.1
Long Blades    | |  0.8

Action                     |  1- 3 |  4- 6 |  7- 9 | 10-12 || total
---------------------------+-------+-------+-------+-------++-------
  Melee: Mace              |     1 |       |       |       ||     1
         Short sword       |     6 |     1 |     1 |       ||     8
         Quarterstaff      |       |    23 |     3 |       ||    26
         Long sword        |       |     3 |       |       ||     3
         Spear             |       |     1 |       |    18 ||    19
         Great sword       |       |       |     2 |       ||     2
         Halberd           |       |       |    27 |    60 ||    87
         Dagger            |       |       |    17 |       ||    17
         Punch             |       |       |     1 |       ||     1
   Fire: Sling             |       |       |    20 |       ||    20
         Orcbow            |       |       |       |    48 ||    48
         Arbalest          |       |       |       |    16 ||    16
  Throw: Dart              |       |     3 |     6 |     4 ||    13
         Boomerang         |       |       |     2 |     2 ||     4
         Throwing net      |       |       |       |     2 ||     2
   Cast: Foxfire           |    43 |    50 |    41 |    13 ||   147
         Scorch            |     5 |    19 |    35 |    51 ||   110
         Sandblast         |       |     7 |    17 |     8 ||    32
         Volatile Blastmot |       |       |    66 |    52 ||   118
         Stone Arrow       |       |       |     4 |       ||     4
         Passwall          |       |       |     1 |       ||     1
         Flame Wave        |       |       |     5 |    16 ||    21
 Invoke: Sacrifice Essence |       |       |     1 |       ||     1
  Evoke: Wand              |       |       |       |     1 ||     1
    Use: Scroll            |     1 |    13 |     6 |     6 ||    26
         Potion            |       |       |     1 |     5 ||     6
   Stab: Sleeping          |       |       |       |     1 ||     1
 Armour: Robe              |     3 |       |       |       ||     3
         Leather armour    |       |    20 |    62 |    40 ||   122
         Steam dragon scal |       |       |       |    78 ||    78
  Dodge: Dodged            |    15 |    37 |    90 |   148 ||   290

Table legend: (Time is in decaauts)
 A = Elapsed time spent in this place.
 B = Non-inter-level travel time spent in this place.
 C = Inter-level travel time spent in this place.
 D = Time resting spent in this place.
 E = Time spent auto-exploring this place.
 F = Levels seen in this place.
 G = Mean time per level.
                   A        B        C        D        E       F      G
               +--------+--------+--------+--------+--------+-----+--------+
         Total |  19821 |  19466 |    355 |   9332 |   4292 |  12 | 1651.8 |
       Dungeon |  19798 |  19443 |    355 |   9332 |   4292 |  11 | 1799.8 |
        Temple |     23 |     23 |      0 |      0 |      0 |   1 |   23.0 |
               +--------+--------+--------+--------+--------+-----+--------+

Top non-repeatable levels by time:
     D:7: 2894 daAuts
     D:8: 2401 daAuts
     D:9: 2001 daAuts
     D:5: 1876 daAuts
    D:11: 1840 daAuts
     D:3: 1707 daAuts
    D:10: 1706 daAuts
     D:2: 1504 daAuts
     D:6: 1504 daAuts
     D:4: 1395 daAuts
     D:1: 963 daAuts
  Temple: 23 daAuts
